NCAA
WAKE FOREST DEMON DEACONS @ NORTH CAROLINA STATE WOLFPACK
04/24/2026
 
TOP OF THE 1ST
Wake Forest Demon Deacons batting - Pitching for North Carolina State Wolfpack : RHP Wesley Cunningham
Pitching: RHP Wesley Cunningham
Batting: RHB Daniel Dillard 0-0: Called Strike
0-1: Ground out 6-3 (Groundball, 6M)
Batting: RHB Ed Hamilton 0-0: Ball
1-0: Ball
2-0: Ball
3-0: Called Strike
3-1: Base on Balls
Batting: RHB Ronald Spencer 0-0: Ball
1-0: Called Strike
1-1: Called Strike
1-2: Ball
2-2: Ball
3-2: DOUBLE (Line Drive, 9LS)
Ed Hamilton to third
Ed Hamilton scores
Batting: RHB Ray Foley 0-0: Ball
1-0: Ball
2-0: Fly out, F8 (Flyball, 8LM)
Batting: LHB Michael Edwards 0-0: Ball
1-0: Ball
2-0: Ground out 1-3 (Groundball, 25)
Top of the 1st over - 1 run(s), 1 hit(s), 0 error(s), 1 left on base; Wake Forest 1 - North Carolina State 0
BOTTOM OF THE 1ST
North Carolina State Wolfpack batting - Pitching for Wake Forest Demon Deacons : RHP Keith Hill
Pitching: RHP Keith Hill
Batting: RHB Henry Dawson 0-0: Ground out 6-3 (Groundball, 6M)
Batting: RHB Jorge García 0-0: Called Strike
0-1: Foul Ball, location: 2F
0-2: Strikes out swinging
Batting: LHB Frank Jackson 0-0: Called Strike
0-1: Ball
1-1: Foul Ball, location: 2F
1-2: Foul Ball, location: 2F
1-2: Strikes out looking
Bottom of the 1st over - 0 run(s), 0 hit(s), 0 error(s), 0 left on base; Wake Forest 1 - North Carolina State 0
TOP OF THE 2ND
Wake Forest Demon Deacons batting - Pitching for North Carolina State Wolfpack : RHP Wesley Cunningham
Batting: LHB Barry Pierce 0-0: Ball
1-0: Fly out, F4 (Popup, 4M)
Batting: SHB Dave Bell 0-0: Ball
1-0: Ball
2-0: Swinging Strike
2-1: Ball
3-1: Base on Balls
Batting: RHB Darrel O'Dooley 0-0: Ball
1-0: Ground out 5-3 (Groundball, 56S)
Dave Bell to second
Batting: RHB Wilbert Bernard 0-0: Ball
1-0: Fly out, F5 (Popup, 5SF)
Top of the 2nd over - 0 run(s), 0 hit(s), 0 error(s), 1 left on base; Wake Forest 1 - North Carolina State 0
BOTTOM OF THE 2ND
North Carolina State Wolfpack batting - Pitching for Wake Forest Demon Deacons : RHP Keith Hill
Batting: RHB Dennis Mays 0-0: Foul Ball, location: 2F
0-1: Ball
1-1: Ball
2-1: Foul Ball, location: 2F
2-2: Strikes out swinging
Batting: LHB Ignacio Rabelo 0-0: Foul Ball, location: 2F
0-1: Ball
1-1: Ball
2-1: Ball
3-1: Swinging Strike
3-2: SINGLE (Flyball, 8LS)
Batting: SHB Hollis Hughes 0-0: Called Strike
0-1: Foul Ball, location: 2F
0-2: Ball
Ignacio Rabelo steals 2nd base
1-2: Strikes out swinging
Batting: RHB Bob Olson 0-0: Ball
1-0: Called Strike
1-1: Called Strike
1-2: Strikes out swinging
Bottom of the 2nd over - 0 run(s), 1 hit(s), 0 error(s), 1 left on base; Wake Forest 1 - North Carolina State 0
TOP OF THE 3RD
Wake Forest Demon Deacons batting - Pitching for North Carolina State Wolfpack : RHP Wesley Cunningham
Batting: RHB Daniel Dillard 0-0: Called Strike
0-1: Foul Ball, location: 2F
0-2: Ball
1-2: Strikes out swinging
Batting: RHB Ed Hamilton 0-0: Ball
1-0: Fly out, F9 (Flyball, 89S)
Batting: RHB Ronald Spencer 0-0: Ball
1-0: SINGLE (Line Drive, 6MD)
Batting: RHB Ray Foley 0-0: Ball
1-0: Swinging Strike
1-1: Ball
2-1: Ground out 1-3 (Groundball, 23)
Top of the 3rd over - 0 run(s), 1 hit(s), 0 error(s), 1 left on base; Wake Forest 1 - North Carolina State 0
BOTTOM OF THE 3RD
North Carolina State Wolfpack batting - Pitching for Wake Forest Demon Deacons : RHP Keith Hill
Batting: RHB Chester Page 0-0: Foul Ball, location: 2F
0-1: Ball
1-1: Ball
2-1: Ball
3-1: Ground out 5-3 (Groundball, 5)
Batting: RHB Roberto Landavazo 0-0: Foul Ball, location: 2F
0-1: Foul Ball, location: 2F
0-2: Strikes out looking
Batting: RHB Henry Dawson 0-0: Called Strike
0-1: Ground out 4-3 (Groundball, 34)
Bottom of the 3rd over - 0 run(s), 0 hit(s), 0 error(s), 0 left on base; Wake Forest 1 - North Carolina State 0
TOP OF THE 4TH
Wake Forest Demon Deacons batting - Pitching for North Carolina State Wolfpack : RHP Wesley Cunningham
Batting: LHB Michael Edwards 0-0: Called Strike
0-1: Foul Ball, location: 2F
0-2: Foul Ball, location: 2F
0-2: Fly out, F7 (Line Drive, 7M)
Batting: LHB Barry Pierce 0-0: Foul Ball, location: 2F
0-1: Ball
1-1: Foul Ball, location: 2F
1-2: Ball
2-2: SINGLE (Flyball, 7S)
Batting: SHB Dave Bell 0-0: Ball
1-0: Ball
2-0: Foul Ball, location: 2F
2-1: Foul Ball, location: 2F
2-2: Foul Ball, location: 2F
2-2: Strikes out swinging
Batting: RHB Darrel O'Dooley 0-0: SINGLE (Line Drive, 56)
Barry Pierce to second
Batting: RHB Wilbert Bernard 0-0: Ball
1-0: Ball
2-0: Ball
3-0: Called Strike
3-1: Fielders Choice at 2nd, 5-4 (Groundball, 56)
Top of the 4th over - 0 run(s), 2 hit(s), 0 error(s), 1 left on base; Wake Forest 1 - North Carolina State 0
BOTTOM OF THE 4TH
North Carolina State Wolfpack batting - Pitching for Wake Forest Demon Deacons : RHP Keith Hill
Batting: RHB Jorge García 0-0: Ball
1-0: Foul Ball, location: 2F
1-1: Foul Ball, location: 2F
1-2: Strikes out looking
Batting: LHB Frank Jackson 0-0: Foul Ball, location: 2F
0-1: Ball
1-1: Foul Ball, location: 2F
1-2: Fly out, F7 (Flyball, 7M)
Batting: RHB Dennis Mays 0-0: Ground out 2-3 (Groundball, 25)
Bottom of the 4th over - 0 run(s), 0 hit(s), 0 error(s), 0 left on base; Wake Forest 1 - North Carolina State 0
TOP OF THE 5TH
Wake Forest Demon Deacons batting - Pitching for North Carolina State Wolfpack : RHP Wesley Cunningham
Batting: RHB Daniel Dillard 0-0: Called Strike
0-1: Swinging Strike
0-2: Ball
1-2: Strikes out swinging
Batting: RHB Ed Hamilton 0-0: Ball
1-0: Ball
2-0: Ball
3-0: Called Strike
3-1: Foul Ball, location: 2F
3-2: Foul Ball, location: 2F
3-2: Strikes out swinging
Batting: RHB Ronald Spencer 0-0: Called Strike
0-1: Foul Ball, location: 2F
0-2: Ball
1-2: Ground out 6-3 (Groundball, 6)
Top of the 5th over - 0 run(s), 0 hit(s), 0 error(s), 0 left on base; Wake Forest 1 - North Carolina State 0
BOTTOM OF THE 5TH
North Carolina State Wolfpack batting - Pitching for Wake Forest Demon Deacons : RHP Keith Hill
Batting: LHB Ignacio Rabelo 0-0: SINGLE (Line Drive, 34D)
Batting: SHB Hollis Hughes 0-0: Called Strike
0-1: Ball
1-1: Foul Ball, location: 2F
1-2: Strikes out swinging
Batting: RHB Bob Olson 0-0: Called Strike
0-1: Ball
1-1: Ball
2-1: Called Strike
2-2: Ball
3-2: Fly out, F7 (Line Drive, 7M)
Batting: RHB Chester Page 0-0: Ball
Error on foul ball, E3
1-1: Ball
2-1: Ball
3-1: Called Strike
3-2: Foul Ball, location: 2F
3-2: Strikes out looking
Bottom of the 5th over - 0 run(s), 1 hit(s), 1 error(s), 1 left on base; Wake Forest 1 - North Carolina State 0
TOP OF THE 6TH
Wake Forest Demon Deacons batting - Pitching for North Carolina State Wolfpack : RHP Wesley Cunningham
Batting: RHB Ray Foley 0-0: Ball
1-0: SINGLE (Groundball, 56)
Pitching: RHP Shawn Roberts
Batting: LHB Michael Edwards 0-0: Ball
1-0: Foul Ball, location: 2F
1-1: SINGLE (Groundball, 6MD)
Ray Foley to second
Batting: LHB Barry Pierce 0-0: Ball
1-0: SINGLE (Groundball, 3D)
Ray Foley to third
Michael Edwards to second
Runner from 3rd tries for Home, SAFE, throw made home
Batting: SHB Dave Bell 0-0: Swinging Strike
0-1: Fly out, F6 (Line Drive, 6M)
Batting: RHB Darrel O'Dooley 0-0: Ball
1-0: Swinging Strike
1-1: Ball
2-1: Ball
3-1: Called Strike
3-2: Strikes out swinging
Batting: RHB Wilbert Bernard 0-0: Ball
1-0: Swinging Strike
1-1: Foul Ball, location: 2F
1-2: Strikes out swinging
Top of the 6th over - 1 run(s), 3 hit(s), 0 error(s), 2 left on base; Wake Forest 2 - North Carolina State 0
BOTTOM OF THE 6TH
North Carolina State Wolfpack batting - Pitching for Wake Forest Demon Deacons : RHP Keith Hill
Batting: RHB Roberto Landavazo 0-0: Fly out, F7 (Flyball, 78M)
Batting: RHB Henry Dawson 0-0: Foul Ball, location: 2F
0-1: Ball
1-1: Ball
2-1: Foul Ball, location: 2F
2-2: Foul Ball, location: 2F
2-2: Foul Ball, location: 2F
2-2: Strikes out swinging
Batting: RHB Jorge García 0-0: Ground out 6-3 (Groundball, 6)
Bottom of the 6th over - 0 run(s), 0 hit(s), 0 error(s), 0 left on base; Wake Forest 2 - North Carolina State 0
TOP OF THE 7TH
Wake Forest Demon Deacons batting - Pitching for North Carolina State Wolfpack : RHP Shawn Roberts
Batting: RHB Daniel Dillard 0-0: Ball
1-0: Foul Ball, location: 2F
1-1: SINGLE (Groundball, 3S) (infield hit)
Batting: RHB Ed Hamilton 0-0: Called Strike
0-1: Ball
Daniel Dillard is caught stealing 2nd base
1-1: Ball
2-1: Foul Ball, location: 2F
2-2: Strikes out swinging
Batting: RHB Ronald Spencer 0-0: Fly out, F4 (Popup, 4D)
Top of the 7th over - 0 run(s), 1 hit(s), 0 error(s), 0 left on base; Wake Forest 2 - North Carolina State 0
BOTTOM OF THE 7TH
North Carolina State Wolfpack batting - Pitching for Wake Forest Demon Deacons : RHP Keith Hill
Batting: LHB Frank Jackson 0-0: Called Strike
0-1: Ball
1-1: Fly out, F8 (Flyball, 8LM)
Batting: RHB Dennis Mays 0-0: Ball
1-0: Foul Ball, location: 2F
1-1: Swinging Strike
1-2: Strikes out looking
Batting: LHB Ignacio Rabelo 0-0: Ball
1-0: Fly out, F7 (Flyball, 78M)
Bottom of the 7th over - 0 run(s), 0 hit(s), 0 error(s), 0 left on base; Wake Forest 2 - North Carolina State 0
TOP OF THE 8TH
Wake Forest Demon Deacons batting - Pitching for North Carolina State Wolfpack : RHP Shawn Roberts
Pitching: LHP Will Baker
Batting: RHB Ray Foley 0-0: Ball
1-0: Foul Ball, location: 2F
1-1: Called Strike
1-2: Foul Ball, location: 2F
1-2: Strikes out swinging
Batting: LHB Michael Edwards 0-0: Called Strike
0-1: SINGLE (Groundball, 6MD)
Batting: LHB Barry Pierce 0-0: Ball
1-0: Foul Ball, location: 2F
1-1: Swinging Strike
1-2: Strikes out looking
Batting: SHB Dave Bell 0-0: Called Strike
0-1: Swinging Strike
0-2: Strikes out swinging
Top of the 8th over - 0 run(s), 1 hit(s), 0 error(s), 1 left on base; Wake Forest 2 - North Carolina State 0
BOTTOM OF THE 8TH
North Carolina State Wolfpack batting - Pitching for Wake Forest Demon Deacons : RHP Keith Hill
Pitching: RHP Steve Beck
Batting: SHB Hollis Hughes 0-0: Ball
1-0: Fly out, F9 (Flyball, 9LD)
Batting: RHB Bob Olson 0-0: Ball
1-0: Foul Ball, location: 2F
1-1: Swinging Strike
1-2: Strikes out swinging
Batting: RHB Chester Page 0-0: Fly out, F9 (Flyball, 9S)
Bottom of the 8th over - 0 run(s), 0 hit(s), 0 error(s), 0 left on base; Wake Forest 2 - North Carolina State 0
TOP OF THE 9TH
Wake Forest Demon Deacons batting - Pitching for North Carolina State Wolfpack : LHP Will Baker
Batting: RHB Darrel O'Dooley 0-0: Called Strike
0-1: Foul Ball, location: 2F
0-2: Strikes out looking
Batting: RHB Wilbert Bernard 0-0: Ball
1-0: Called Strike
1-1: Foul Ball, location: 2F
1-2: Fly out, F4 (Popup, 4)
Batting: RHB Daniel Dillard 0-0: Ball
1-0: Swinging Strike
1-1: Ball
2-1: SINGLE (Flyball, 8LS)
Batting: RHB Ed Hamilton 0-0: Ball
1-0: Foul Ball, location: 2F
1-1: Ball
2-1: Ball
3-1: Base on Balls
Daniel Dillard to second
Pitching: RHP Brit Torres
Batting: RHB Ronald Spencer 0-0: Ball
1-0: Ball
2-0: Ball
3-0: Base on Balls
Daniel Dillard to third
Ed Hamilton to second
Batting: RHB Ray Foley 0-0: Called Strike
0-1: Ball
1-1: Ball
2-1: Foul Ball, location: 2F
2-2: Ball
3-2: Fly out, F6 (Line Drive, 6)
Top of the 9th over - 0 run(s), 1 hit(s), 0 error(s), 3 left on base; Wake Forest 2 - North Carolina State 0
BOTTOM OF THE 9TH
North Carolina State Wolfpack batting - Pitching for Wake Forest Demon Deacons : RHP Steve Beck
Pitching: LHP Dan Brown
Batting: RHB Roberto Landavazo 0-0: Called Strike
0-1: Ball
1-1: Ground out 6-3 (Groundball, 6S)
Batting: RHB Henry Dawson 0-0: Ball
1-0: Called Strike
1-1: SOLO HOME RUN (Flyball, 7D), Distance : 355 ft
Batting: RHB Jorge García 0-0: Ground out U3 (Groundball, 3S)
Batting: LHB Frank Jackson 0-0: Ball
1-0: Called Strike
1-1: Ball
2-1: Foul Ball, location: 2F
2-2: Ball
3-2: Base on Balls
Batting: RHB Dennis Mays 0-0: Foul Ball, location: 2F
0-1: Foul Ball, location: 2F
0-2: Ball
1-2: Strikes out swinging
Bottom of the 9th over - 1 run(s), 1 hit(s), 0 error(s), 1 left on base; Wake Forest 2 - North Carolina State 1
Monday, December 5th, 2016 - OOTP Baseball 17.12 Build 75